 Dungeon Crawl Stone Soup version 0.21-a0-531-gacddea6 (webtiles) character file.

273 slep the Chopper (level 6, -8/47 HPs)
             Began as a Demonspawn Gladiator on Dec 14, 2017.
             Was an Initiate of Okawaru.
             Mangled by Prince Ribbit (10 damage)
             ... in the Ecumenical Temple.
             The game lasted 00:09:38 (2134 turns).

slep the Chopper (Demonspawn Gladiator)             Turns: 2134, Time: 00:09:42

Health: -8/47      AC: 11    Str: 15    XL:     6   Next: 3%
Magic:  6/6        EV: 11    Int: 10    God:    Okawaru [......]
Gold:   229        SH:  0    Dex: 15    Spells: 5/5 levels left

rFire    . . .     SeeInvis .   a - +0 war axe
rCold    . . .     Gourm    .   (no shield)
rNeg     . . .     Faith    .   s - +3 scale mail
rPois    .         Spirit   .   (helmet restricted)
rElec    .         Reflect  .   (no cloak)
rCorr    .         Harm     .   (no gloves)
MR       .....                  (no boots)
Stlth    ..........             (no amulet)
HPRegen  0.15/turn              (no ring)
MPRegen  0.10/turn              (no ring)

@: lethally poisoned (-8 -> -13)
A: horns 1, icy blue scales 1, foul stench 2, rot immunity
a: Renounce Religion


You were in the Ecumenical Temple.
You worshipped Okawaru.
Okawaru was noncommittal.
You were not hungry.

You visited 2 branches of the dungeon, and saw 7 of its levels.

You collected 229 gold pieces.

Inventory:

Hand Weapons
 a - a +0 war axe (weapon)
 r - a +2 dagger of speed
Missiles
 d - 3 throwing nets (quivered)
Armour
 b - a +0 leather armour
 c - a +0 helmet
 h - a +0 ring mail
 s - a +3 scale mail (worn)
Jewellery
 e - an uncursed amulet of harm
 u - an uncursed ring of magical power {unknown}
Wands
 l - a wand of flame (19)
Scrolls
 i - 2 scrolls of enchant weapon {unknown}
 j - a scroll of blinking {unknown}
 m - 3 scrolls of identify {unknown}
 t - 2 scrolls of remove curse {unknown}
Potions
 k - a potion of haste
 q - a potion of flight {unknown}
Comestibles
 f - 4 bread rations
 g - 3 meat rations
 o - 2 fruits


   Skills:
 + Level 3.0 Fighting
 + Level 4.6 Axes
 + Level 1.9 Throwing
 + Level 2.1 Armour
 + Level 3.4 Dodging
 + Level 0.3 Stealth


You had 5 spell levels left.
You didn't know any spells.

Dungeon Overview and Level Annotations

Branches:
Dungeon (6/15)             Temple (1/1) D:6

Altars:
Ashenzari
Fedhas
Gozag
Hepliaklqana
Kikubaaqudgha
Makhleb
Nemelex Xobeh
Okawaru
Qazlal
Sif Muna
Trog
Uskayaw
Wu Jian
Xom

Annotations:
Temple Prince Ribbit


Innate Abilities, Weirdness & Mutations

You have a pair of small horns on your head.
You are partially covered in icy blue scales. (AC +2)
You frequently emit foul miasma when damaged in melee.
You are immune to rotting.


Message History

You feel sick. The worker ant bites you. x2
You slash the worker ant!
You kill the worker ant!
Okawaru accepts your kill.
You have reached level 6!
Your experience leads to an increase in your attributes!
Increase (S)trength, (I)ntelligence, or (D)exterity?
You feel stronger.
Your demonic ancestry asserts itself...
You begin to radiate miasma.
You feel sick.
A quasit comes into view.
The quasit gives a chilling moan.
There is a staircase to the Ecumenical Temple, spattered with blood here.
You feel sick.
You climb downwards.
Welcome back to the Ecumenical Temple!
Level annotation: Prince Ribbit You feel sick.
Prince Ribbit hits you!
* * * LOW HITPOINT WARNING * * *
Prince Ribbit looks sick.
Prince Ribbit hits you!
You die...

####...###
...+...+.
_.#...#.
.#...#
######+######
#...#.......#
#._.+....†@.#
#...#.....F.#
######'######
#...#...#...#
#._.#...#._.#
#...+...+...#
#####...#####
#...#...#...#
#._.#...#._.#


You could see Prince Ribbit.

Vanquished Creatures
  A bullfrog (Temple)
  A bullfrog zombie (D:6)
  2 hounds
  A worker ant (D:6)
  A hound skeleton (D:6)
  A howler monkey zombie (D:6)
  A howler monkey skeleton (D:4)
  A worm (D:2)
  2 dart slugs (D:1)
  2 leopard geckos (D:1)
  9 orcs
  3 bats (D:1)
  3 giant cockroaches
  3 goblins (D:3)
  6 hobgoblins
  A frilled lizard (D:1)
  8 kobolds
  4 rats
50 creatures vanquished.

Notes
Turn   | Place    | Note
-------+----------+-------------------------------------------
     0 | D:1      | slep the Demonspawn Gladiator began the quest for the Orb.
     0 | D:1      | Reached XP level 1. HP: 16/16 MP: 1/1
   189 | D:1      | Gained mutation: You are partially covered in icy blue scales. (AC +2) [demonic ancestry]
   189 | D:1      | Reached XP level 2. HP: 14/22 MP: 2/2
   225 | D:1      | Reached skill level 3 in Axes
   559 | D:2      | Noticed a hand axe
   560 | D:2      | Noticed a hand axe
   561 | D:2      | Found a hide-covered altar of Uskayaw.
   634 | D:2      | Gained mutation: You have a pair of small horns on your head. [demonic ancestry]
   634 | D:2      | Reached XP level 3. HP: 26/27 MP: 3/3
   862 | D:2      | Found a shattered altar of Ashenzari.
   919 | D:3      | Reached skill level 1 in Armour
  1195 | D:3      | Found an opulent altar of Gozag.
  1195 | D:3      | Found a sparkling altar of Nemelex Xobeh.
  1295 | D:3      | Gained mutation: You are immune to rotting. [demonic ancestry]
  1295 | D:3      | Reached XP level 4. HP: 33/34 MP: 4/4
  1392 | D:3      | Found a deep blue altar of Sif Muna.
  1392 | D:3      | Found a stormy altar of Qazlal.
  1880 | D:5      | Entered Level 5 of the Dungeon
  1899 | D:6      | Found a staircase to the Ecumenical Temple.
  1917 | D:6      | Noticed a bullfrog
  1923 | D:6      | Noticed Prince Ribbit
  1927 | Temple   | Entered the Ecumenical Temple
  1935 | Temple   | Killed a bullfrog
  1935 | Temple   | Reached skill level 4 in Axes
  1935 | Temple   | Gained mutation: You may emit foul miasma when damaged in melee. [demonic ancestry]
  1935 | Temple   | Reached XP level 5. HP: 9/40 MP: 5/5
  2010 | Temple   | Became a worshipper of Warmaster Okawaru
  2131 | D:6      | Gained mutation: You frequently emit foul miasma when damaged in melee. [demonic ancestry]
  2131 | D:6      | Reached XP level 6. HP: 20/47 MP: 6/6
  2134 | Temple   | HP: 2/47 [Prince Ribbit (14)]
  2134 | Temple   | Mangled by Prince Ribbit

Vault maps used:
D:1:      minmay_arrival_wavy_path
D:2:      dancing_weapons_uskayaw, ashenzari_altar_1, first_bread
D:3:      grunt_temple_overflow_opulence, amethyst_overflow_temple_binary,
          minmay_misc_feat_secret_circle, minivault_27
D:6:      black_bear_nest_2, minmay_temple_entry_statues_pillars,
          nicolae_ossuary_entry_ruins, basic_altar, uniq_edmund,
          uniq_prince_ribbit1
Temple:   nicolae_temple_god_jail

Skill      XL: |  1  2  3  4  5 |
---------------+----------------+-----
Dodging        | 3 |  3.4
Axes           | 3 4 |  4.6
Armour         | 1 2 |  2.1
Fighting       | 3 |  3.0
Throwing       | |  1.9
Stealth        | |  0.3

Action                   |  1- 3 |  4- 6 || total
-------------------------+-------+-------++-------
Melee: War axe           |   101 |    54 ||   155
       Headbutt          |     5 |     8 ||    13
Evoke: Wand              |       |     2 ||     2
  Use: Potion            |       |     4 ||     4
  Eat: Chunk             |     1 |     3 ||     4
Armor: Ring mail         |    53 |       ||    53
       Scale mail        |     6 |    55 ||    61
       Skin              |       |     5 ||     5
Dodge: Dodged            |    59 |    61 ||   120

Table legend:
 A = Spawn XP
 B = Non-spawn XP
 C = Spawn XP percentage of total XP
 D = Spawn monster count
 E = Non-spawn monster count
 F = Spawn count percentage of total count
 G = Total turns spent on level
                    A         B        C        D         E        F      G
               +---------+---------+-------+---------+---------+-------+---------
         Total |       0 |     391 |   0.0 |       0 |      50 |   0.0 |  2134
               +---------+---------+-------+---------+---------+-------+---------
           D:1 |       0 |      34 |   0.0 |       0 |      17 |   0.0 |   558
           D:2 |       0 |      11 |   0.0 |       0 |       5 |   0.0 |   338
           D:3 |       0 |      75 |   0.0 |       0 |      16 |   0.0 |   804
           D:4 |       0 |      14 |   0.0 |       0 |       1 |   0.0 |   180
           D:5 |       0 |       2 |   0.0 |       0 |       1 |   0.0 |    18
           D:6 |       0 |     127 |   0.0 |       0 |       8 |   0.0 |    64
        Temple |       0 |     128 |   0.0 |       0 |       2 |   0.0 |   172
               +---------+---------+-------+---------+---------+-------+---------
